 Dungeon Crawl Stone Soup version 0.22-a0-305-gd21a89c538 (webtiles) character file.

45 RKaid the Scratcher (level 3, -2/15 HPs)
             Began as a Felid Transmuter on Mar 29, 2018.
             Killed from afar by Natasha (7 damage)
             ... with a magic dart
             ... on level 2 of the Dungeon.
             The game lasted 00:04:45 (1896 turns).

RKaid the Scratcher (Felid Transmuter)              Turns: 1896, Time: 00:04:46

Health: -2/15      AC:  1    Str:  8    XL:     3   Next: 42%
Magic:  6/7        EV: 18    Int: 15    God:
Gold:   136        SH:  0    Dex: 16    Spells: 0/6 levels left
                                        Lives:  0   Deaths: 0

rFire    . . .     SeeInvis +     - Unarmed
rCold    . . .     Gourm    .   (shield unavailable)
rNeg     . . .     Faith    .   (armour unavailable)
rPois    .         Spirit   .   (helmet unavailable)
rElec    .         Reflect  .   (cloak unavailable)
rCorr    .         Harm     .   (gloves unavailable)
MR       .....                  (boots unavailable)
Stlth    ++........             (no amulet)
HPRegen  0.05/turn              f - +2 ring of strength
MPRegen  0.10/turn              (no ring)

@: appendage, quick
A: very small, no armour, no weapons or thrown items, stealth, claws 1, fangs 3,
horns 2, see invisible, carnivore, speed 1, shaggy fur 1, slow metabolism 1,
sharp paws
a: End Transformation


You were on level 2 of the Dungeon.
You were completely stuffed.
You had grown temporary horns.
You visited 1 branch of the dungeon, and saw 2 of its levels.

You collected 136 gold pieces.

Inventory:

Missiles
 a - 28 arrows
Jewellery
 f - a +2 ring of strength (left paw)
   (You found it on level 1 of the Dungeon)
Scrolls
 b - a scroll of fear {unknown}
 d - a scroll of identify {unknown}
 e - a scroll of remove curse {unknown}
 h - a scroll of amnesia {unknown}
Comestibles
 c - 2 rations
 g - 4 chunks of flesh


   Skills:
 + Level 1.3 Fighting
 + Level 3.1 Dodging
 * Level 3.3 Unarmed Combat
 + Level 2.3 Spellcasting
 * Level 3.1 Transmutations


You couldn't memorise any spells.
You knew the following spells:

 Your Spells              Type           Power        Failure   Level  Hunger
a - Beastly Appendage     Tmut           ##....       6%          1    #......
b - Sticks to Snakes      Tmut           ##......     9%          2    ###....
c - Spider Form           Tmut/Pois      #.........   32%         3    ###....


Dungeon Overview and Level Annotations

Branches:
Dungeon (2/15)

Altars:

Annotations:
D:2 exclusion: Natasha, Jessica, Natasha, Robin


Innate Abilities, Weirdness & Mutations

You cannot wear armour.
You are incapable of wielding weapons or throwing items.
Your paws allow you to move quietly. (Stealth)
You have sharp claws.
You have razor-sharp teeth.
You have supernaturally acute eyesight. (SInv)
You are carnivorous and can eat meat at any time.
You cover ground quickly.
You are covered in fur. (AC +1)
You have a slow metabolism.
Your sharp claws are effective at attacking unaware monsters.
You have a pair of horns on your head.


Message History

There is a stone staircase leading up here.
You climb upwards.
There is a stone staircase leading down here.
There is a stone staircase leading down here.
You climb downwards.
Level annotation: Jessica, Robin
There is a stone staircase leading up here.
Found a glowing spear.
b - a scroll labeled LOREME GARAEZ You see here a glowing spear.
Found an escape hatch in the floor.
Found a stone staircase leading down.
A rat comes into view.
Casting: Beastly Appendage (safe; 6% risk of failure)
Confirm with . or Enter, or press ? or * to list all spells.
You grow a pair of large bovine horns.
You can't grasp things well enough to throw them.
You scratch the rat.
You kill the rat!
A kobold comes into view.
You see here 16 arrows.
a - 28 arrows (gained 16)
Your transformation is almost over.
A frilled lizard comes into view.
You see here a ration.
c - 2 rations (gained 1)
You claw the kobold!
You kill the kobold!
You pounce on the unaware helpless frilled lizard!
You claw the frilled lizard!
You kill the frilled lizard!
Your horns disappear.
You see here a frilled lizard corpse.
You butcher the frilled lizard corpse.
g - a chunk of flesh You open the door.
There is an open door here.
Found an escape hatch in the ceiling.
There is an escape hatch in the ceiling here.
A mysterious force pulls you upwards. The hatch slams shut behind you.
There is a stone staircase leading down here.
You climb downwards.
Level annotation: Jessica, Robin
There is a stone staircase leading up here.
You see here a glowing spear.
You see here a robe.
A giant cockroach comes into view.
Casting: Beastly Appendage (safe; 6% risk of failure)
Confirm with . or Enter, or press ? or * to list all spells.
You grow a pair of large bovine horns.
Your transformation is almost over.
You can't grasp things well enough to throw them.
The giant cockroach barely misses you.
You scratch the giant cockroach but do no damage.
The giant cockroach barely misses you.
You scratch the giant cockroach. The giant cockroach bites you.
You barely miss the giant cockroach.
The giant cockroach completely misses you.
The giant cockroach barely misses you.
You scratch the giant cockroach.
You kill the giant cockroach!
You see here a giant cockroach corpse.
Eating a chunk of flesh.
You eat the chunk of flesh.
This raw flesh tastes great.
You butcher the giant cockroach corpse.
g - a chunk of flesh Your horns disappear.
A hobgoblin comes into view.
Casting: Beastly Appendage (safe; 6% risk of failure)
Confirm with . or Enter, or press ? or * to list all spells.
You grow a pair of large bovine horns.
You can't grasp things well enough to throw them.
You scratch the hobgoblin but do no damage.
You barely miss the hobgoblin.
You kill the hobgoblin!
h - a scroll labeled JAITIJ JERUIMM You see here a hobgoblin corpse.
Your transformation is almost over.
You see here a hobgoblin corpse.
You butcher the hobgoblin corpse.
g - 4 chunks of flesh (gained 3)
Your horns disappear.
Marking area around Natasha as unsafe for travelling.
A kobold and Natasha come into view.
The kobold shouts!
The kobold throws a stone.
The stone completely misses you.
Casting: Beastly Appendage (safe; 6% risk of failure)
Confirm with . or Enter, or press ? or * to list all spells.
You grow a pair of large bovine horns.
Natasha hisses angrily.
You can't grasp things well enough to throw them.
You barely miss Natasha. Natasha claws you.
You barely miss Natasha.
Natasha extends her claws.
Natasha misses you.
You scratch Natasha. Natasha claws you.
You scratch Natasha. You headbutt Natasha. Natasha casts a spell at you.
The magic dart hits you!
You die...

(.##.#.....#
#.###.#....##.##.#
..##.#.....# #.
#......##..#.#
..##.#.....# #.
##.....###.#+#
.###.#.....#
#.####...........
...........#
#.#..............
........#.##
#.#..............
#########.#
##.#..............
#.#
#..........######+
.... #.#
#..#@......# ...
#..#hK.....# ..
#...........# .#
#...........# .#
#.......##... .#
#.......# %.. .#
#.......# .
#.......#


You could see Natasha and a kobold.

Vanquished Creatures
  An ooze (D:1)
  2 dart slugs (D:1)
  A leopard gecko (D:1)
  2 bats (D:1)
  5 giant cockroaches
  4 goblins
  4 hobgoblins
  4 jackals (D:1)
  3 frilled lizards
  6 kobolds
  A rat (D:2)
  A fungus (D:1)
34 creatures vanquished.

Notes
Turn   | Place    | Note
-------+----------+-------------------------------------------
     0 | D:1      | RKaid the Felid Transmuter began the quest for the Orb.
     0 | D:1      | Reached XP level 1. HP: 9/9 MP: 4/4
   205 | D:1      | Reached XP level 2. HP: 8/12 MP: 4/6
   216 | D:1      | HP: 2/12 [jackal (2)]
   947 | D:1      | Reached XP level 3. HP: 14/15 MP: 5/7
  1102 | D:1      | Reached skill level 3 in Dodging
  1343 | D:2      | Reached skill level 3 in Transmutations
  1452 | D:2      | Learned a level 2 spell: Sticks to Snakes
  1456 | D:2      | Learned a level 3 spell: Spider Form
  1491 | D:2      | Noticed Robin
  1630 | D:2      | Noticed Jessica
  1890 | D:2      | Noticed Natasha
  1896 | D:2      | Killed from afar by Natasha

Vault maps used:
D:1:      mrwooster_arrival_statue_3, serial_aquarium, aquarium_bridge_square,
          aquarium_bridge_square, aquarium_window_1, aquarium_window_corner,
          aquarium_view_2a, aquarium_balcony_3b, st_stairs_5,
          minmay_gold_behind_fungi
D:2:      marbit_many_paths, uniq_natasha, uniq_robin, uniq_jessica,
          uniq_crazy_yiuf_cottage

Skill      XL: |  1  2  3 |
---------------+----------+-----
Dodging        | 3 |  3.1
Transmutations | 3 |  3.1
Fighting       | |  1.3
Unarmed Combat | |  3.3
Spellcasting   | |  2.3

Action                   || total
-------------------------++-------
Melee: Unarmed           ||   123
       Headbutt          ||    12
       Bite              ||    11
       Punch             ||     1
 Cast: Beastly Appendage ||    25
  Use: Potion            ||     2
 Stab: Sleeping          ||     3
  Eat: Chunk             ||    10
Armor: Skin              ||     6
Dodge: Dodged            ||    88

Table legend:
 A = Spawn XP
 B = Non-spawn XP
 C = Spawn XP percentage of total XP
 D = Spawn monster count
 E = Non-spawn monster count
 F = Spawn count percentage of total count
 G = Total turns spent on level
                    A         B        C        D         E        F      G
               +---------+---------+-------+---------+---------+-------+---------
         Total |       0 |      65 |   0.0 |       0 |      33 |   0.0 |  1896
               +---------+---------+-------+---------+---------+-------+---------
           D:1 |       0 |      51 |   0.0 |       0 |      24 |   0.0 |  1487
           D:2 |       0 |      14 |   0.0 |       0 |       9 |   0.0 |   409
               +---------+---------+-------+---------+---------+-------+---------

Table legend:
 A = Turns spent in this place as a percentage of turns spent in the entire game.
 B = Non-inter-level travel turns spent in this place as a percentage of non-inter-level travel turns spent in the entire game.
 C = Inter-level travel turns spent in this place as a percentage of turns spent in this place.
 D = Turns resting spent in this place as a percentage of non-inter-level travel turns spent in this place.
 E = Turns spent auto-exploring this place as a percentage of non-inter-level travel turns spent in this place.
 F = Non-inter-level travel turns spent in this place divided by the number of levels of this place that you've seen.
                   A       B       C       D       E      F
               +-------+-------+-------+-------+-------+----------------------
         Total | 100.0 | 100.0 |   5.4 |  32.2 |  39.6 | 896.5
       Dungeon | 100.0 | 100.0 |   5.4 |  32.2 |  39.6 | 896.5
               +-------+-------+-------+-------+-------+----------------------

Table legend:
 A = Kills in this place as a percentage of kills in entire the game.
 B = Kills by you in this place as a percentage of kills by you in the entire game.
 C = Kills by friends in this place as a percentage of kills by friends in the entire game.
 D = Other kills in this place as a percentage of other kills in the entire game.
 E = Experience gained in this place as a percentage of experience gained in the entire game.
 F = Experience gained in this place divided by the number of levels of this place that you have seen.
                   A       B       C       D       E      F
               +-------+-------+-------+-------+-------+----------------------
         Total | 100.0 | 100.0 |   N/A |   N/A | 100.0 |  32.5
       Dungeon | 100.0 | 100.0 |   N/A |   N/A | 100.0 |  32.5
               +-------+-------+-------+-------+-------+----------------------
